[Event "European Rapid Championship 2021"]
[Site "Katowice"]
[Date "2021.12.19"]
[Round "11.28"]
[White "Sotsky, Alexander"]
[Black "Jagodzinski, Piotr"]
[Result "0-1"]
[ECO "D00"]
[WhiteElo "2333"]
[BlackElo "2145"]
[Annotator "NA"]
[PlyCount "62"]
[EventDate "2021.12.18"]
[EventType "swiss"]
[EventCountry "POL"]
[SourceTitle "playchess.com"]
[Source "ChessBase"]
[SourceQuality "1"]
[TimeControl "900+10"]

1. d4 d5 2. Bg5 c6 3. c3 Qc7 4. e3 Bf5 5. Bd3 Bxd3 6. Qxd3 Nd7 7. f4 e6 8. Nf3 Ne7 9. Bxe7 Bxe7 10.
Nbd2 h6 11. O-O g5 12. Ne5 f5 13. b4 Nf6 14. a3 Rg8 15. Qe2 Bd6 16. Rfc1 gxf4 17. exf4 Bxe5 18. fxe5 Ne4 19. Nxe4 dxe4 20.
Qc4 Qd7 21. a4 O-O-O 22. b5 Qd5 23. Qe2 f4 24. Rc2 c5 25.
Re1 e3 26. a5 Qe4 27. a6 f3 28. axb7+ Kb8 29. Qxe3 Qxc2 30. Qxf3 Rdf8 31. Qc6 Qf2+ 0-1

[Event "European Rapid Championship 2021"]
[Site "Katowice"]
[Date "2021.12.19"]
[Round "11.28"]
[White "Zakrzewski, Marek"]
[Black "Karolczuk, Iwo"]
[Result "0-1"]
[ECO "C58"]
[WhiteElo "2239"]
[BlackElo "2007"]
[Annotator "NA"]
[PlyCount "72"]
[EventDate "2021.12.18"]
[EventType "swiss"]
[EventCountry "POL"]
[SourceTitle "playchess.com"]
[Source "ChessBase"]
[SourceQuality "1"]
[TimeControl "900+10"]

1. e4 e5 2. Nf3 Nc6 3. Bc4 Nf6 4. Ng5 d5 5. exd5 Na5 6.
Bb5+ c6 7. dxc6 bxc6 8. Bd3 Bd6 9. O-O O-O 10. Re1 h6 11. Nf3 Bg4 12. h3 Bh5 13. Nc3 Nd5 14. g4 Bg6 15.
Nxe5 Qf6 16. Nxd5 cxd5 17. Nf3 Bxd3 18. cxd3 Rfe8 19. Rxe8+ Rxe8 20. d4 Nc6 21. d3 Nxd4 22. Nxd4 Qxd4 23. Be3 Rxe3 24. fxe3 Qxe3+ 25. Kf1 Qxh3+ 26. Ke2 Bf4 27. Qg1 h5 28. Rf1 g5 29. gxh5 Qxh5+ 30. Ke1 Qg6 31. Qd4 Qe6+ 32. Kd1 Qg4+ 33. Kc2 Qe2+ 34. Kb3 Qxf1 35. Qxd5 Qe2 36. a4 Qe6 0-1

[Event "European Rapid Championship 2021"]
[Site "Katowice"]
[Date "2021.12.19"]
[Round "11.29"]
[White "Kuegel, Tobias"]
[Black "Gerasimenyuk, Mikhail"]
[Result "0-1"]
[ECO "B10"]
[WhiteElo "2242"]
[BlackElo "1984"]
[Annotator "NA"]
[PlyCount "61"]
[EventDate "2021.12.18"]
[EventType "swiss"]
[EventCountry "POL"]
[SourceTitle "playchess.com"]
[Source "ChessBase"]
[SourceQuality "1"]
[TimeControl "900+10"]

1. e4 c6 2. Nc3 d5 3. Nf3 dxe4 4. Nxe4 Nf6 5. Qe2 Bf5 6. Nxf6+ gxf6 7. d4 Nd7 8. Nh4 Be6 9. Be3 Qa5+ 10. c3 Nb6 11. g3 Nc4 12. Bf4 O-O-O 13. Bg2 Rxd4 14. O-O Rxf4 15. gxf4 Rg8 16. Kh1 Nd6 17. Rg1 Bc4 18. Qe3 Kc7 19. b3 Be6 20. Bh3 Qd5+ 21. Rg2 Bxh3 22. Qxh3 Ne4 23. Qf3 Rxg2 24. Nxg2 f5 25. Kg1 e6 26. Rd1 Qc5 27. c4 Qa3 28. Qh5 Bc5 29. Qxf7+ Kb6 30. Qd7 Qxa2 31. b4 0-1

[Event "European Rapid Championship 2021"]
[Site "Katowice"]
[Date "2021.12.19"]
[Round "11.29"]
[White "Praczukowski, Stanislaw"]
[Black "Janaszak, Dawid"]
[Result "0-1"]
[ECO "B38"]
[WhiteElo "2082"]
[BlackElo "2328"]
[Annotator "NA"]
[PlyCount "76"]
[EventDate "2021.12.18"]
[EventType "swiss"]
[EventCountry "POL"]
[SourceTitle "playchess.com"]
[Source "ChessBase"]
[SourceQuality "1"]
[TimeControl "900+10"]

1. e4 c5 2. Nf3 Nc6 3. d4 cxd4 4. Nxd4 g6 5. c4 Bg7 6. Be3 Qb6 7. Nb3 Qd8 8. Nd4 Nf6 9. Nc3 d6 10. Be2 Bd7 11. O-O Nxd4 12. Bxd4 O-O 13. h3 Bc6 14. Qc2 Nd7 15. Bxg7 Kxg7 16. Rfd1 Qb6 17. b3 f5 18. exf5 gxf5 19. Bd3 Qc5 20. Re1 Ne5 21. a3 a5 22. Rab1 Rf6 23.
b4 axb4 24. axb4 Qd4 25. b5 Nxd3 26. Rxe7+ Kf8 27. Re3 Be4 28. Nd5 Rg6 29. g3 Ne5 30. Qd1 Qxd1+ 31. Rxd1 Nxc4 32. Rc3 Ne5 33. Nc7 Ra2 34. b6 f4
35. g4 h5 36. Nb5 hxg4 37.
h4 g3 38. fxg3 Nf3+ 0-1

[Event "European Rapid Championship 2021"]
[Site "Katowice"]
[Date "2021.12.19"]
[Round "11.30"]
[White "Wisniewski, Michal"]
[Black "Zgadzaj, Rafal"]
[Result "1/2-1/2"]
[ECO "A14"]
[WhiteElo "2248"]
[BlackElo "2087"]
[Annotator "NA"]
[PlyCount "88"]
[EventDate "2021.12.18"]
[EventType "swiss"]
[EventCountry "POL"]
[SourceTitle "playchess.com"]
[Source "ChessBase"]
[SourceQuality "1"]
[TimeControl "900+10"]

1. Nf3 Nf6 2. c4 e6 3. g3 d5 4. Bg2 Be7 5. O-O O-O 6. b3 c5 7. Bb2 Nc6 8. e3 b6 9. Nc3 Bb7 10. cxd5 Nxd5 11. Nxd5 Qxd5 12. Ne5 Qd6 13. Nc4 Qd7 14. Qg4 g6 15.
d4 b5 16. d5 bxc4 17. dxc6 Bxc6 18. Bxc6 Qxc6 19. Qxc4 Rfd8 20.
Rac1 Qd5 21. Qxd5 Rxd5 22. Rc2 a5 23. e4 Rd3 24. Rc4 Rd2 25.
Rb1 h5 26. h4 Kf8 27. Ra4 Ke8 28. Be5 Kd7 29. Rb2 Rxb2 30. Bxb2 Kc6 31. Bc3 Kb5 32. Kf1 Bd6 33. e5 Bc7 34. Rf4 Rf8 35. Ke2 Kc6 36. Ra4 Ra8 37. Kd3 Kd5 38. f4 Bb6 39. Be1 Ra7 40. a3 Kc6 41. Kc4 Rd7 42.
Bc3 Ra7 43. Be1 Rd7 44. Bc3 Ra7 1/2-1/2

[Event "European Rapid Championship 2021"]
[Site "Katowice"]
[Date "2021.12.19"]
[Round "11.30"]
[White "Sharankov, Grigory"]
[Black "Janeczko, Jakub"]
[Result "1/2-1/2"]
[ECO "B36"]
[WhiteElo "2220"]
[BlackElo "1900"]
[Annotator "NA"]
[PlyCount "120"]
[EventDate "2021.12.18"]
[EventType "swiss"]
[EventCountry "POL"]
[SourceTitle "playchess.com"]
[Source "ChessBase"]
[SourceQuality "1"]
[TimeControl "900+10"]

1. c4 c5 2. Nf3 Nf6 3. d4 cxd4 4. Nxd4 Nc6 5. Nc3 g6 6. e4 Nxd4 7. Qxd4 d6 8. g3 Bg7 9. Bg2 O-O 10. Qd3 a5 11. O-O a4 12. Rb1 Qa5 13.
Nb5 Nd7 14. Bd2 Nc5 15. Qe3 Qb6 16. Bc3 Be6 17. Bxg7 Kxg7 18. Nd4 Qb4 19. b3 axb3 20. axb3 Ra2 21. e5 Qd2 22. exd6 Qxe3 23. fxe3 exd6 24. b4 Bxc4 25. bxc5 Bxf1 26. Kxf1 dxc5 27. Ne2 Ra3 28. Rxb7 Rxe3 29. Rc7 Re5 30. Nf4 Rd8 31. Bf3 h5 32. Be2 Rd4 33. h4 Kf8 34. Rc8+ Ke7 35. Bb5 Kf6 36. Rc7 g5 37. hxg5+ Rxg5 38. Rc6+ Ke7 39. Ne2 Rb4 40. Bd3 h4 41. gxh4 Rxh4 42. Kf2 Rd5 43. Bb5 Rb4 44. Ba6 Rd6 45. Rc7+ Kd8 46. Rc8+ Kd7 47. Ra8 c4 48. Ra7+ Ke6 49. Bc8+ Ke5 50. Rc7 Rd2 51. Ke3 Rd3+ 52. Kf2 Rd2 53. Ke3 Rd3+ 54. Kf2 Rd2 55. Ba6 Ra4 56. Bxc4 Rc2 57. Re7+ Kd6 58. Bb3 Kxe7 59. Bxc2 Ra2 60. Bd3 Rxe2+ 1/2-1/2